 Dungeon Crawl Stone Soup version 0.30-a0-576-g89cddaab80 (webtiles) character file.

Game seed: 6318147434670656200

5212 purpskrrrp the Nimble (level 10, -1/80 HPs)
             Began as a Merfolk Fighter on Dec 31, 2022.
             Was an Elder of Cheibriados.
             Slain by a yak (10 damage)
             ... on level 9 of the Dungeon.
             The game lasted 00:14:21 (8904 turns).

purpskrrrp the Nimble (Merfolk Fighter)             Turns: 8904, Time: 00:14:22

Health: -1/80      AC:  5    Str: 27    XL:     10   Next: 61%
Magic:  10/10      EV: 24    Int: 17    God:    Cheibriados [****..]
Gold:   429        SH:  7    Dex: 28    Spells: 9/9 levels left

rFire   . . .      SeeInvis .    a - +2 long sword (heavy)
rCold   . . .      Faith    .    c - +0 buckler
rNeg    . . .      Spirit   .    t - +0 steam dragon scales
rPois   .          Reflect  .    (no helmet)
rElec   .          Harm     .    (no cloak)
rCorr   .          Rampage  .    (no gloves)
Will    .....                    (no boots)
Stlth   +++++                    (no amulet)
HPRegen 0.33/turn                (no ring)
MPRegen 0.12/turn                (no ring)

@: very slow
A: (nimble swimmer 2), mertail
a: Renounce Religion, Bend Time, Temporal Distortion, Slouch


You were on level 9 of the Dungeon.
You worshipped Cheibriados.
Cheibriados was greatly pleased with you.
You visited 1 branch of the dungeon, and saw 9 of its levels.
You also visited: Ossuary.

You collected 429 gold pieces.

Inventory:

Hand Weapons
 a - a +2 heavy long sword (weapon)
 E - a +2 long sword of draining
Armour
 b - a +0 scale mail
 c - a +0 buckler (worn)
 t - +0 steam dragon scales (worn)
Jewellery
 k - an amulet of magic regeneration
 m - a +6 ring of intelligence
 u - a ring of wizardry
 x - a ring of resist corrosion
Wands
 d - a wand of digging (4)
 l - a wand of polymorph (3)
 o - a wand of flame (17)
Scrolls
 f - 6 scrolls of teleportation
 j - a scroll of fear
 p - a scroll of fog
 y - 5 scrolls of identify
 z - a scroll of magic mapping {unknown}
 B - a scroll of silence
Potions
 e - 2 potions of magic
 g - 3 potions of lignification
 h - 3 potions of curing
 i - 2 potions of heal wounds
 n - 3 potions of mutation
 q - 6 potions of degeneration
 r - 2 potions of resistance
 s - a potion of berserk rage
 v - a potion of attraction {unknown}
 w - a potion of invisibility
 A - a potion of cancellation {unknown}
 D - a potion of brilliance {unknown}


   Skills:
 + Level 8.3 Fighting
 + Level 8.6 Long Blades
 - Level 2.1 Armour
 * Level 12.5 Dodging
 + Level 8.2 Stealth
 - Level 3.0 Shields


You had 9 spell levels left.
You didn't know any spells.
Your spell library contained the following spells:

 Spells                   Type           Power      Damage    Failure   Level
 Sandblast                Erth           0%         2d4       30%         1
 Summon Small Mammal      Summ           0%         N/A       30%         1
 Sublimation of Blood     Necr           0%         N/A       43%         2
 Call Canine Familiar     Summ           0%         N/A       67%         3
 Summon Guardian Golem    Hex/Summ       0%         N/A       67%         3
 Leda's Liquefaction      Hex/Erth       0%         N/A       97%         4
 Petrify                  Tmut/Erth      0%         N/A       97%         4
 Summon Lightning Spire   Summ/Air       0%         N/A       97%         4
 Irradiate                Conj/Tmut      0%         3d11      100%        5
 Lee's Rapid Deconstruct  Erth           0%         3d4*      100%        5
 Statue Form              Tmut/Erth      0%         N/A       100%        6
 Orb of Destruction       Conj           0%         9d5       100%        7
 Spellforged Servitor     Conj/Summ      0%         N/A       100%        7
 Chain Lightning          Conj/Air       0%         N/A       100%        9
 Fire Storm               Conj/Fire      0%         5d1       100%        9
 Shatter                  Erth           0%         3d5*      100%        9


Dungeon Overview and Level Annotations

Branches:
Dungeon (9/15)             Temple (0/1) D:7         Ossuary (visited)
   Lair: D:8-11         Orc: D:9-12

Altars:
Cheibriados
Kikubaaqudgha
The Shining One

Shops:
D:1 *   D:3 [   D:7 =


Innate Abilities, Weirdness & Mutations

((You are very nimble when in or above water. (Stealth+, EV+, Speed+++)))
Your lower body shifts to a powerful aquatic tail in water.


Message History

You are too injured to fight recklessly!
You are too injured to fight recklessly!
You are too injured to fight recklessly!
You are too injured to fight recklessly!
You are too injured to fight recklessly!
You are too injured to fight recklessly!
You are too injured to fight recklessly!
You are too injured to fight recklessly!
You are too injured to fight recklessly!
You are too injured to fight recklessly!
You are too injured to fight recklessly!
You are too injured to fight recklessly!
As you read the scroll of fear, it crumbles to dust.
You assume a fearsome visage.
The wyvern looks frightened!
The yak looks frightened!
The scorpion looks frightened!
The wyvern looks frightened! x2; The yak looks frightened! x2
The iguana looks frightened!
The water moccasin looks frightened! x2
The yak looks frightened! x4; You feel sick.
A nearby fungus withers and dies.
You feel sick.
You feel sick.
Things that are here:
a +0 scimitar; a +1 robe of willpower You feel sick.
You feel sick.
Cornered, the yak turns to fight!
You feel sick.
You are no longer poisoned.
You block the yak's attack. The yak gores you!
* * * LOW HITPOINT WARNING * * *
You see here 3 gold pieces.
You slash the yak!
The yak is heavily wounded.
The yak completely misses you.
You slash the yak!
The yak is almost dead.
You block the yak's attack.
You slice the yak!!
You kill the yak!
Cheibriados appreciates the change of pace.
The yak gores you!
You die...

### # ..#
..##########.#
.l...........#
.s....l....Y@#
...........Y$#
Y..P.....)...#
.P...YY†.)[..#
.P.P.........#
P............#
.P.P...#######
....P.# .P?..P


You could see 4 yaks and a wyvern (wandering).

Vanquished Creatures
  A two-headed ogre (D:8)
  A hornet (D:8)
  Sigmund (D:2)
  A wyvern (D:9)
  A yak (D:9)
  Eustachio (D:4)
  2 steam dragons (D:7)
  Menkaure (Ossuary)
  4 ice beasts
  A black bear (D:6)
  2 sky beasts (D:7)
  5 ogres
  2 centaurs (D:8)
  2 phantoms
  2 bullfrogs (D:7)
  A gnoll sergeant (D:6)
  4 scorpions
  3 necrophages
  7 wights
  6 killer bees (D:8)
  3 jellies
  6 hounds
  A gnoll bouda (D:5)
  An orc priest (D:4)
  Ijyb (D:3)
  3 iguanas
  An orc wizard (D:4)
  4 mummies
  Robin (D:3)
  16 gnolls
  6 adders
  A white imp (D:6)
  2 ufetubi
  2 worms (D:2)
  4 dart slugs
  12 orcs
  5 endoplasms
  A giant cockroach (D:2)
  4 gnoll skeletons (Ossuary)
  4 gnoll zombies (Ossuary)
  14 goblins
  11 hobgoblins
  6 jackals
  8 quokkas
  5 ball pythons
  9 bats
  2 frilled lizards
  3 goblin skeletons (Ossuary)
  2 goblin zombies (Ossuary)
  4 hobgoblin skeletons (Ossuary)
  9 hobgoblin zombies
  8 kobolds
  5 kobold skeletons (Ossuary)
  4 kobold zombies
  6 orc skeletons (Ossuary)
  4 orc zombies (Ossuary)
  4 rats
  3 rat skeletons (Ossuary)
  4 rat zombies (Ossuary)
237 creatures vanquished.

Vanquished Creatures (others)
  3 fungi (D:9)
  9 plants (D:9)
12 creatures vanquished.

Grand Total: 249 creatures vanquished

Notes
Turn   | Place    | Note
-------+----------+-------------------------------------------
     0 | D:1      | purpskrrrp the Merfolk Fighter began the quest for the Orb.
     0 | D:1      | Reached XP level 1. HP: 18/18 MP: 1/1
   233 | D:1      | Reached skill level 1 in Dodging
   262 | D:1      | Reached XP level 2. HP: 24/24 MP: 2/2
   650 | D:1      | Found Nagar's General Store.
   692 | D:1      | Reached skill level 1 in Stealth
   969 | D:2      | Found a glowing golden altar of the Shining One.
  1002 | D:2      | Reached skill level 2 in Dodging
  1002 | D:2      | Reached XP level 3. HP: 29/29 MP: 3/3
  1291 | D:2      | Got the Book of Creative Earth
  1304 | D:2      | Reached XP level 4. HP: 34/37 MP: 4/4
  1428 | D:2      | Reached skill level 3 in Dodging
  1569 | D:2      | Noticed Sigmund
  1595 | D:2      | Killed Sigmund
  1596 | D:2      | Reached skill level 4 in Dodging
  1596 | D:2      | Reached XP level 5. HP: 6/43 MP: 5/5
  1596 | D:2      | Reached XP level 6. HP: 7/49 MP: 6/6
  1963 | D:3      | Noticed Robin
  2016 | D:3      | Reached skill level 5 in Dodging
  2044 | D:3      | Killed Robin
  2169 | D:3      | Found Hurghutum's Antique Armour Shoppe.
  2180 | D:3      | Noticed Ijyb
  2190 | D:3      | Killed Ijyb
  2701 | D:4      | Found an ancient bone altar of Kikubaaqudgha.
  2701 | D:4      | Found a snail-covered altar of Cheibriados.
  2758 | D:4      | Reached XP level 7. HP: 49/55 MP: 7/7
  2780 | D:4      | Became a worshipper of Cheibriados the Contemplative
  3085 | D:4      | Reached skill level 5 in Fighting
  3085 | D:4      | Reached skill level 6 in Dodging
  3302 | D:4      | Reached skill level 5 in Long Blades
  3641 | D:4      | Noticed Eustachio
  3689 | D:4      | Killed Eustachio
  3690 | D:4      | Reached skill level 7 in Dodging
  3690 | D:4      | Reached XP level 8. HP: 12/63 MP: 8/8
  3691 | D:4      | Reached * piety under Cheibriados
  4211 | D:5      | Entered Level 5 of the Dungeon
  4325 | D:5      | Found a sand-covered staircase.
  4332 | Ossuary  | Entered an ossuary
  4484 | Ossuary  | Reached ** piety under Cheibriados
  4616 | Ossuary  | Reached skill level 5 in Stealth
  4648 | Ossuary  | Noticed Menkaure
  4656 | Ossuary  | Killed Menkaure
  4657 | Ossuary  | Reached skill level 8 in Dodging
  4858 | D:5      | Reached *** piety under Cheibriados
  5510 | D:5      | Reached skill level 9 in Dodging
  5510 | D:5      | Reached XP level 9. HP: 58/71 MP: 9/9
  6264 | D:6      | Reached skill level 10 in Dodging
  6804 | D:7      | Found Amappukk's Jewellery Shoppe.
  6823 | D:7      | Found a staircase to the Ecumenical Temple.
  7037 | D:7      | Reached **** piety under Cheibriados
  7452 | D:7      | Reached skill level 11 in Dodging
  7990 | D:8      | Noticed a hornet
  7994 | D:8      | Killed a hornet
  7995 | D:8      | Reached XP level 10. HP: 80/80 MP: 10/10
  8532 | D:8      | Noticed a two-headed ogre
  8537 | D:8      | Killed a two-headed ogre
  8538 | D:8      | Reached skill level 12 in Dodging
  8904 | D:9      | Slain by a yak

Illustrated notes

Levels and vault maps discovered:
D:1:      spicycebolla_arrival_ecumenical, layout_loops_ring, serial_forest,
          infiniplex_forest_clump_tiny, infiniplex_forest_clump_tiny,
          infiniplex_forest_clump_small, infiniplex_forest_clump_tiny,
          infiniplex_forest_lined_corner, infiniplex_forest_diagonal,
          infiniplex_forest_lined_4_way, infiniplex_forest_lined_1,
          serial_shops, shop, serial_park_tiny_1, minivault_23, minivault_5,
          minmay_hexomino_f4
D:2:      layout_loops_cross, basic_altar, uniq_sigmund
D:3:      layout_rooms, serial_shops, nicolae_shop_crystal, uniq_robin,
          uniq_ijyb
D:4:      layout_cave_pools, chequers_temple_overflow_statue_of_worship,
          serial_co_window_serial, co_window_corner_a, co_window_corner_a,
          co_window_corner_a, co_window_paths_a, co_window_corner_a,
          co_window_corner_a, co_window_corner_a, co_window_paths_b,
          co_window_paths_a, co_window_corner_b, co_window_unsneaky_path_a,
          co_window_cross_3, co_window_corner_b, co_window_paths_d,
          glass_columns_a, glass_columns_c, uniq_eustachio
D:5:      layout_gridville, nicolae_ossuary_entry_giza
D:6:      layout_rooms
D:7:      layout_layer_cave, temple_green, serial_shops, shop_statue,
          uniq_menkaure
D:8:      layout_loops_ring
D:9:      lemuel_ice_statue, layout_basic, minmay_lair_entry_grove

Skill      XL: |  1  2  3  4  5  6  7  8  9 10 |
---------------+-------------------------------+-----
Dodging        | 1 2 4 5 7 9 11 12 | 12.5
Stealth        | 1 2 3 4 5 7 8 |  8.2
Long Blades    | 3 4 5 6 7 8 |  8.6
Fighting       | 4 5 6 7 8 |  8.3
Armour         | |  2.1
Shields        | |  3.0

Action                   |  1- 3 |  4- 6 |  7- 9 | 10-12 || total
-------------------------+-------+-------+-------+-------++-------
Melee: Long sword        |   113 |   136 |   320 |    47 ||   616
Evoke: Wand              |       |       |     3 |       ||     3
  Use: Potion            |       |     3 |     2 |     1 ||     6
       Scroll            |       |     9 |    11 |     2 ||    22
 Stab: Invisible         |       |     4 |       |       ||     4
       Sleeping          |       |     1 |    11 |     6 ||    18
       Distracted        |       |       |     1 |       ||     1
Armor: Scale mail        |    67 |    62 |    80 |       ||   209
       Skin              |       |    30 |       |       ||    30
       Steam dragon scal |       |       |       |     9 ||     9
Dodge: Dodged            |    68 |   125 |   285 |    82 ||   560
Block: Buckler           |    27 |    60 |   104 |    41 ||   232

Table legend: (Time is in decaauts)
 A = Elapsed time spent in this place.
 B = Non-inter-level travel time spent in this place.
 C = Inter-level travel time spent in this place.
 D = Time resting spent in this place.
 E = Time spent auto-exploring this place.
 F = Levels seen in this place.
 G = Mean time per level.
                   A        B        C        D        E       F      G
               +--------+--------+--------+--------+--------+-----+--------+
         Total |  11493 |  11233 |    260 |    891 |   8348 |  10 | 1149.3 |
       Dungeon |  10824 |  10564 |    260 |    891 |   8038 |   9 | 1202.7 |
       Ossuary |    668 |    668 |      0 |      0 |    309 |   1 |  668.0 |
               +--------+--------+--------+--------+--------+-----+--------+

Top non-repeatable levels by time:
     D:7: 2156 daAuts
     D:4: 1853 daAuts
     D:5: 1846 daAuts
     D:8: 1315 daAuts
     D:1: 991 daAuts
     D:2: 973 daAuts
     D:3: 852 daAuts
     D:6: 766 daAuts
 Ossuary: 668 daAuts
     D:9: 68 daAuts
